| TOP OF THE 1ST |
|
Texas Rangers batting - Pitching for Boston Red Sox : RHP Justin Whitesack
|
|
Pitching: RHP Justin Whitesack
|
|
|
Batting: LHB Sean Geisler
|
0-0: Swinging Strike 0-1: Ball 1-1: Ball 2-1: Foul Ball, location: 2F 2-2: DOUBLE (Line Drive, 89M, EV 101.9 MPH)
|
|
Batting: RHB Butch Kaiser
|
0-0: Hit by Pitch
|
|
Batting: SHB Addick de Vries
|
0-0: Ball 1-0: DOUBLE (Line Drive, 9LD, EV 101.9 MPH) Sean Geisler scores Butch Kaiser to third
|
|
Batting: RHB Ray Llewellyn
|
0-0: Fly out, F8 (Flyball, 8LXD, EV 78.8 MPH) Runner from 3rd tags up, SCORES, no throw by CF Addick de Vries to third
|
|
Batting: LHB Andy Bowman
|
0-0: Called Strike 0-1: Foul Ball, location: 2F 0-2: Hit by Pitch
|
|
Batting: RHB Zhao-ji Chi
|
0-0: Fielders Choice at 2nd, 5-4 (Groundball, 5, EV 100.6 MPH) Addick de Vries scores
|
|
Batting: RHB Chad Thompson
|
0-0: Ball 1-0: Fly out, F7 (Flyball, 7S, EV 86.9 MPH)
|
| Top of the 1st over - 3 runs, 2 hits, 0 errors, 1 left on base; Texas 3 - Boston 0 |
| BOTTOM OF THE 1ST |
|
Boston Red Sox batting - Pitching for Texas Rangers : RHP Gavin Nelson
|
|
Pitching: RHP Gavin Nelson
|
|
|
Batting: RHB Alois Wollf
|
0-0: Called Strike 0-1: Foul Ball, location: 2F 0-2: Ball 1-2: Ball 2-2: Ball 3-2: Strikes out looking
|
|
Batting: RHB Cesar Breceda
|
0-0: Foul Ball, location: 2F 0-1: Ball 1-1: Ball 2-1: Fly out, F8 (Flyball, 89D, EV 103.1 MPH)
|
|
Batting: LHB Jarrett Mordecai
|
0-0: Ball 1-0: Ball 2-0: SINGLE (Line Drive, 89S, EV 96.9 MPH)
|
|
Batting: RHB David Price Jr.
|
0-0: Foul Ball, location: 2F 0-1: Fly out, F9 (Flyball, 9D, EV 101.2 MPH)
|
| Bottom of the 1st over - 0 runs, 1 hit, 0 errors, 1 left on base; Texas 3 - Boston 0 |
| TOP OF THE 2ND |
|
Texas Rangers batting - Pitching for Boston Red Sox : RHP Justin Whitesack
|
|
Batting: RHB Chris Torlak
|
0-0: Called Strike 0-1: Ball 1-1: Foul Ball, location: 2F 1-2: Ball 2-2: Ball 3-2: Foul Ball, location: 2F 3-2: Foul Ball, location: 2F 3-2: Foul Ball, location: 2F 3-2: Strikes out looking
|
|
Batting: RHB Danny Heyer
|
0-0: Called Strike 0-1: Swinging Strike 0-2: Strikes out swinging
|
|
Batting: LHB Sean Geisler
|
0-0: Foul Ball, location: 2F 0-1: Ball 1-1: Ball 2-1: SINGLE (Groundball, 13S, EV 70.0 MPH) (infield hit)
|
|
Batting: RHB Butch Kaiser
|
0-0: Ball 1-0: Ball 2-0: Ground out 4-3 (Groundball, 34S, EV 91.2 MPH)
|
| Top of the 2nd over - 0 runs, 1 hit, 0 errors, 1 left on base; Texas 3 - Boston 0 |
| BOTTOM OF THE 2ND |
|
Boston Red Sox batting - Pitching for Texas Rangers : RHP Gavin Nelson
|
|
Batting: LHB Shoichi Aso
|
0-0: Ball 1-0: Foul Ball, location: 2F 1-1: Foul Ball, location: 2F 1-2: Strikes out swinging
|
|
Batting: SHB Greg Shaw
|
0-0: Reached on error, E4 (Groundball, 34, EV 101.2 MPH)
|
|
Batting: LHB Zack Guillen
|
0-0: Swinging Strike 0-1: Ball 1-1: Foul Ball, location: 2F 1-2: Ball 2-2: Strikes out looking
|
|
Batting: SHB Marvin Lawrence
|
0-0: Ball 1-0: Foul Ball, location: 2F 1-1: Ball 2-1: Fielders Choice at 2nd, U6 (Groundball, 4, EV 86.9 MPH)
|
| Bottom of the 2nd over - 0 runs, 0 hits, 1 error, 1 left on base; Texas 3 - Boston 0 |
| TOP OF THE 3RD |
|
Texas Rangers batting - Pitching for Boston Red Sox : RHP Justin Whitesack
|
|
Batting: SHB Addick de Vries
|
0-0: Hit by Pitch
|
|
Batting: RHB Ray Llewellyn
|
0-0: Ball 1-0: Foul Ball, location: 2F 1-1: Ball 2-1: Called Strike 2-2: Foul Ball, location: 2F 2-2: Ball 3-2: Fly out, F8 (Flyball, 78M, EV 97.5 MPH)
|
|
Batting: LHB Andy Bowman
|
0-0: Ball 1-0: Ball 2-0: Ball 3-0: Called Strike 3-1: Called Strike 3-2: Fly out, F7 (Flyball, 78M, EV 96.2 MPH)
|
|
Batting: RHB Zhao-ji Chi
|
0-0: Foul Ball, location: 2F 0-1: Ball 1-1: Ball 2-1: Foul Ball, location: 2F 2-2: Ground out 1-3 (Groundball, P, EV 70.0 MPH)
|
| Top of the 3rd over - 0 runs, 0 hits, 0 errors, 1 left on base; Texas 3 - Boston 0 |
| BOTTOM OF THE 3RD |
|
Boston Red Sox batting - Pitching for Texas Rangers : RHP Gavin Nelson
|
|
Batting: RHB Sam Saunders
|
0-0: Called Strike 0-1: Ball 1-1: Swinging Strike 1-2: Ball 2-2: Strikes out swinging
|
|
Batting: RHB Alois Wollf
|
0-0: Called Strike 0-1: Ball 1-1: Ball 2-1: Ball 3-1: Called Strike 3-2: Strikes out swinging passed ball, reaches first!
|
|
Batting: RHB Cesar Breceda
|
0-0: Called Strike Alois Wollf is caught stealing 2nd base 2-4 0-1: Ground out 4-3 (Groundball, 4, EV 80.0 MPH)
|
| Bottom of the 3rd over - 0 runs, 0 hits, 0 errors, 0 left on base; Texas 3 - Boston 0 |
| TOP OF THE 4TH |
|
Texas Rangers batting - Pitching for Boston Red Sox : RHP Justin Whitesack
|
|
Batting: RHB Chad Thompson
|
0-0: Ball 1-0: Ball 2-0: Ball 3-0: Called Strike 3-1: DOUBLE (Line Drive, 78M, EV 99.4 MPH)
|
|
Batting: RHB Chris Torlak
|
0-0: DOUBLE (Line Drive, 9LM, EV 109.4 MPH) Chad Thompson scores
|
|
Batting: RHB Danny Heyer
|
0-0: Ground out 1-3 (Groundball, 15S, EV 67.5 MPH)
|
|
Batting: LHB Sean Geisler
|
0-0: Ball 1-0: Foul Ball, location: 2F 1-1: Swinging Strike 1-2: Reached on error, E6 (Groundball, 6, EV 91.2 MPH) Chris Torlak scores
|
|
Pitching: RHP John Jordan
|
|
|
Batting: RHB Butch Kaiser
|
0-0: Ball 1-0: Foul Ball, location: 2F 1-1: Foul Ball, location: 2F 1-2: Strikes out swinging
|
|
Batting: SHB Addick de Vries
|
0-0: Ball 1-0: Ball 2-0: Called Strike 2-1: Ball 3-1: Called Strike 3-2: Foul Ball, location: 2F 3-2: Foul Ball, location: 2F 3-2: Foul Ball, location: 2F 3-2: Base on Balls
|
|
Batting: RHB Ray Llewellyn
|
0-0: Ball 1-0: Called Strike 1-1: Called Strike 1-2: SINGLE (Line Drive, 8RS, EV 100.6 MPH) Sean Geisler to third Addick de Vries to second Runner from 3rd tries for Home, SAFE, throw by CF to home
|
|
Batting: LHB Andy Bowman
|
0-0: Called Strike 0-1: Ball 1-1: Ground out 3-1 (Groundball, 34, EV 86.9 MPH)
|
| Top of the 4th over - 3 runs, 3 hits, 1 error, 2 left on base; Texas 6 - Boston 0 |
| BOTTOM OF THE 4TH |
|
Boston Red Sox batting - Pitching for Texas Rangers : RHP Gavin Nelson
|
|
Batting: LHB Jarrett Mordecai
|
0-0: Called Strike 0-1: Called Strike 0-2: Fly out, F9 (Line Drive, 9S, EV 106.2 MPH)
|
|
Batting: RHB David Price Jr.
|
0-0: Called Strike 0-1: Foul Ball, location: 2F 0-2: Strikes out swinging
|
|
Batting: LHB Shoichi Aso
|
0-0: Ball 1-0: Foul Ball, location: 2F 1-1: Ground out 4-3 (Groundball, 4, EV 83.1 MPH)
|
| Bottom of the 4th over - 0 runs, 0 hits, 0 errors, 0 left on base; Texas 6 - Boston 0 |
| TOP OF THE 5TH |
|
Texas Rangers batting - Pitching for Boston Red Sox : RHP John Jordan
|
|
Batting: RHB Zhao-ji Chi
|
0-0: Called Strike 0-1: Ball 1-1: Foul Ball, location: 2F 1-2: Foul Ball, location: 2F 1-2: Strikes out swinging
|
|
Batting: RHB Chad Thompson
|
0-0: Called Strike 0-1: Ground out 6-3 (Groundball, 6, EV 85.0 MPH)
|
|
Batting: RHB Chris Torlak
|
0-0: Ball 1-0: Ground out 6-3 (Groundball, 6, EV 108.1 MPH)
|
| Top of the 5th over - 0 runs, 0 hits, 0 errors, 0 left on base; Texas 6 - Boston 0 |
| BOTTOM OF THE 5TH |
|
Boston Red Sox batting - Pitching for Texas Rangers : RHP Gavin Nelson
|
|
Batting: SHB Greg Shaw
|
0-0: Foul Ball, location: 2F 0-1: Ball 1-1: Swinging Strike 1-2: Ball 2-2: Fly out, F8 (Flyball, 8RXD, EV 91.9 MPH)
|
|
Batting: LHB Zack Guillen
|
0-0: Ground out 4-3 (Groundball, 4, EV 83.1 MPH)
|
|
Batting: SHB Marvin Lawrence
|
0-0: Foul Ball, location: 2F 0-1: Foul Ball, location: 2F 0-2: Foul Ball, location: 2F 0-2: Strikes out looking
|
| Bottom of the 5th over - 0 runs, 0 hits, 0 errors, 0 left on base; Texas 6 - Boston 0 |
| TOP OF THE 6TH |
|
Texas Rangers batting - Pitching for Boston Red Sox : RHP John Jordan
|
|
Batting: RHB Danny Heyer
|
0-0: Called Strike 0-1: Ball 1-1: Ball 2-1: Ball 3-1: Base on Balls
|
|
Pitching: LHP Adam Schneidewind
|
|
|
Batting: LHB Sean Geisler
|
0-0: Ball 1-0: Fly out, F9 (Flyball, 9S, EV 83.1 MPH)
|
|
Batting: RHB Butch Kaiser
|
0-0: Ball 1-0: Ball 2-0: Swinging Strike 2-1: Ball 3-1: Base on Balls Danny Heyer to second
|
|
Batting: SHB Addick de Vries
|
0-0: Ball 1-0: Swinging Strike 1-1: Foul Ball, location: 2F 1-2: Foul Ball, location: 2F 1-2: Ball 2-2: Ball 3-2: Strikes out swinging
|
|
Batting: RHB Ray Llewellyn
|
0-0: Foul Ball, location: 2F 0-1: Fly out, F2 (Popup, 25F, EV 85.6 MPH)
|
| Top of the 6th over - 0 runs, 0 hits, 0 errors, 2 left on base; Texas 6 - Boston 0 |
| BOTTOM OF THE 6TH |
|
Boston Red Sox batting - Pitching for Texas Rangers : RHP Gavin Nelson
|
|
Batting: RHB Sam Saunders
|
0-0: Ball 1-0: Ball 2-0: Ball 3-0: Called Strike 3-1: Base on Balls
|
|
Batting: RHB Alois Wollf
|
0-0: Ball 1-0: Called Strike 1-1: Fly out, F8 (Flyball, 8RD, EV 91.2 MPH)
|
|
Batting: RHB Cesar Breceda
|
0-0: Ball 1-0: Ball 2-0: Foul Ball, location: 2F 2-1: 2-RUN HOME RUN (Flyball, 89XD, EV 107.5 MPH), Distance : 436 ft
|
|
Batting: LHB Jarrett Mordecai
|
0-0: Foul Ball, location: 2F 0-1: Ball 1-1: Called Strike 1-2: Ball 2-2: Strikes out swinging
|
|
Batting: RHB David Price Jr.
|
0-0: Fly out, F8 (Flyball, 8LM, EV 90.6 MPH)
|
| Bottom of the 6th over - 2 runs, 1 hit, 0 errors, 0 left on base; Texas 6 - Boston 2 |
| TOP OF THE 7TH |
|
Texas Rangers batting - Pitching for Boston Red Sox : LHP Adam Schneidewind
|
|
Pitching: RHP Jim Whiteman
|
|
|
Batting: LHB Andy Bowman
|
0-0: Ball 1-0: Swinging Strike 1-1: Called Strike 1-2: Strikes out swinging
|
|
Batting: RHB Zhao-ji Chi
|
0-0: Ground out 6-3 (Groundball, 6, EV 81.9 MPH)
|
|
Batting: RHB Chad Thompson
|
0-0: Swinging Strike 0-1: Fly out, F8 (Line Drive, 8LM, EV 85.0 MPH)
|
| Top of the 7th over - 0 runs, 0 hits, 0 errors, 0 left on base; Texas 6 - Boston 2 |
| BOTTOM OF THE 7TH |
|
Boston Red Sox batting - Pitching for Texas Rangers : RHP Gavin Nelson
|
|
Batting: LHB Shoichi Aso
|
0-0: Foul Ball, location: 2F 0-1: Foul Ball, location: 2F 0-2: Ball 1-2: Strikes out swinging
|
|
Batting: SHB Greg Shaw
|
0-0: Ball 1-0: Foul Ball, location: 2F 1-1: Swinging Strike 1-2: Foul Ball, location: 2F 1-2: Strikes out swinging
|
|
Batting: LHB Zack Guillen
|
0-0: Ball 1-0: Ball 2-0: Called Strike 2-1: Foul Ball, location: 2F 2-2: Foul Ball, location: 2F 2-2: Strikes out looking
|
| Bottom of the 7th over - 0 runs, 0 hits, 0 errors, 0 left on base; Texas 6 - Boston 2 |
| TOP OF THE 8TH |
|
Texas Rangers batting - Pitching for Boston Red Sox : RHP Jim Whiteman
|
|
Batting: RHB Chris Torlak
|
0-0: Called Strike 0-1: Ball 1-1: Ball 2-1: Ball 3-1: Called Strike 3-2: Strikes out looking
|
|
Batting: RHB Danny Heyer
|
0-0: Ground out 5-3 (Groundball, 5D, EV 86.9 MPH)
|
|
Batting: LHB Sean Geisler
|
0-0: Ball 1-0: Foul Ball, location: 2F 1-1: Ball 2-1: Foul Ball, location: 2F 2-2: Foul Ball, location: 2F 2-2: SINGLE (Groundball, 34S, EV 73.1 MPH) (infield hit)
|
|
Batting: RHB Butch Kaiser
|
0-0: Ball Sean Geisler steals 2nd base (no throw) 1-0: Ball 2-0: Foul Ball, location: 2F 2-1: Called Strike 2-2: Strikes out swinging
|
| Top of the 8th over - 0 runs, 1 hit, 0 errors, 1 left on base; Texas 6 - Boston 2 |
| BOTTOM OF THE 8TH |
|
Boston Red Sox batting - Pitching for Texas Rangers : RHP Gavin Nelson
|
|
Batting: SHB Marvin Lawrence
|
0-0: Foul Ball, location: 2F 0-1: Ball 1-1: Ball 2-1: Foul Ball, location: 2F 2-2: Ball 3-2: Ground out U3 (Groundball, 3, EV 80.0 MPH)
|
|
Batting: RHB Sam Saunders
|
0-0: Ball 1-0: Foul Ball, location: 2F 1-1: Ball 2-1: Foul Ball, location: 2F 2-2: Ball 3-2: Base on Balls
|
|
Pitching: RHP Mark Lopez
|
|
|
Batting: RHB Alois Wollf
|
0-0: Ball 1-0: Ball 2-0: Fly out, F8 (Flyball, 89D, EV 109.4 MPH)
|
|
Batting: RHB Cesar Breceda
|
0-0: Foul Ball, location: 2F 0-1: Ball 1-1: Fly out, F9 (Flyball, 9, EV 86.9 MPH)
|
| Bottom of the 8th over - 0 runs, 0 hits, 0 errors, 1 left on base; Texas 6 - Boston 2 |
| TOP OF THE 9TH |
|
Texas Rangers batting - Pitching for Boston Red Sox : RHP Jim Whiteman
|
|
Batting: SHB Addick de Vries
|
0-0: Called Strike 0-1: Ball 1-1: Fly out, F6 (Popup, 5D, EV 46.9 MPH)
|
|
Batting: RHB Ray Llewellyn
|
0-0: Ball 1-0: Swinging Strike 1-1: Ball 2-1: Ball 3-1: Base on Balls
|
|
Pitching: LHP Danny Schneible
|
|
|
Batting: LHB Andy Bowman
|
0-0: Foul Ball, location: 2F 0-1: Ball 1-1: Ball 2-1: Ball 3-1: Swinging Strike 3-2: TRIPLE (Flyball, 9D, EV 106.2 MPH) Ray Llewellyn scores
|
|
Batting: RHB Zhao-ji Chi
|
0-0: Called Strike 0-1: Ball 1-1: Called Strike 1-2: Fly out, F3 (Popup, 34, EV 61.2 MPH)
|
|
Batting: RHB Chad Thompson
|
0-0: Fly out, F9 (Flyball, 9LDF, EV 105.0 MPH)
|
| Top of the 9th over - 1 run, 1 hit, 0 errors, 1 left on base; Texas 7 - Boston 2 |
| BOTTOM OF THE 9TH |
|
Boston Red Sox batting - Pitching for Texas Rangers : RHP Mark Lopez
|
|
Batting: LHB Jarrett Mordecai
|
0-0: Ball 1-0: Foul Ball, location: 2F 1-1: Ground out 4-3 (Groundball, 34D, EV 102.5 MPH)
|
|
Batting: RHB David Price Jr.
|
0-0: Foul Ball, location: 2F 0-1: Fly out, F7 (Flyball, 78M, EV 85.0 MPH)
|
|
Pitching: RHP Larry Legros
|
|
|
Batting: LHB Shoichi Aso
|
0-0: Foul Ball, location: 2F 0-1: Ball 1-1: Called Strike 1-2: DOUBLE (Groundball, 3L, EV 103.8 MPH)
|
|
Batting: SHB Greg Shaw
|
0-0: Called Strike 0-1: Swinging Strike 0-2: 2-RUN HOME RUN (Flyball, 89XD, EV 111.9 MPH), Distance : 454 ft
|
|
Batting: LHB Zack Guillen
|
0-0: Ground out 1-3 (Groundball, 34S, EV 76.2 MPH)
|
| Bottom of the 9th over - 2 runs, 2 hits, 0 errors, 0 left on base; Texas 7 - Boston 4 |
|